 Dungeon Crawl Stone Soup version 0.31.0-32-g396128a36d (webtiles) character file.

Game seed: 986724159340859686

12602 Tovical the Bludgeoner (level 11, -2/69 HPs)
             Began as a Gargoyle Fighter on Mar 17, 2024.
             Was a Believer of Zin.
             Incinerated by a deep elf pyromancer (12 damage)
             ... with a pyre arrow
             ... on level 10 of the Dungeon.
             The game lasted 00:48:47 (11936 turns).

Tovical the Bludgeoner (Gargoyle Fighter)          Turns: 11936, Time: 00:48:48

Health: -2/69      AC: 28    Str: 26    XL:     11   Next: 95%
Magic:  13/13      EV:  7    Int: 13    God:    Zin [**....]
Gold:   237        SH:  4    Dex:  9    Spells: 10/10 levels left

rFire   . . .        a - +4 morningstar (venom)
rCold   . . .        c - +0 buckler
rNeg    + . .        l - +0 plate armour
rPois   ∞            (no helmet)
rElec   +            p - +1 cloak
rCorr   .            t - +1 pair of gloves
SInv    .            v - +0 pair of boots
Will    .....        (no amulet) Stlth
                     d - +6 ring of strength
HPRegen 0.31/turn    (no ring)
MPRegen 0.13/turn

%: no passive effects
@: on fire, glowing
A: sickness immunity, AC +8, negative energy resistance 1, electricity
resistance, torment resistance 1, petrification resistance
a: Renounce Religion, Recite, Vitalisation, Donate Gold


You were on level 10 of the Dungeon.
You worshipped Zin.
Zin was pleased with you.
You visited 2 branches of the dungeon, and saw 13 of its levels.

You collected 738 gold pieces.
You spent 294 gold pieces at shops.
You donated 207 gold pieces to Zin.

Inventory:

Hand Weapons
 a - a +4 morningstar of venom (weapon)
 o - a +0 whip
 u - a +3 flail
 w - a +0 great mace
 C - a +1 whip of electrocution
Missiles
 q - 4 curare-tipped darts
Armour
 c - a +0 buckler (worn)
 l - a +0 plate armour (worn)
 p - a +1 cloak (worn)
 r - a +3 ring mail of cold resistance
 t - a +1 pair of gloves (worn)
 v - a +0 pair of boots (worn)
 z - a +0 troll leather armour
 D - +0 acid dragon scales
Magical Staves
 n - the staff "Concordance" {Will+ Earth}
   (You found it on level 3 of the Dungeon)

   [staff of earth]

   Base accuracy: +5 Base damage: 5 Base attack delay: 1.2 This weapon's minimum
   attack delay (0.6) is reached at skill level 12.
   Will+:     It increases your willpower.
   Earth:     It increases the power of your Earth spells.
   It falls into the 'Staves' category.
   It is a one-handed weapon.
Jewellery
 d - a +6 ring of strength (left hand)
 g - a ring of ice
Wands
 b - a wand of mindburst (8)
 s - a wand of flame (16)
 y - a wand of charming (3)
 B - a wand of iceblast (4)
Scrolls
 f - a scroll of teleportation
 i - a scroll of vulnerability
 m - 3 scrolls of identify
 x - a scroll of amnesia
Potions
 e - a potion of brilliance
 j - 3 potions of mutation
 k - 2 potions of attraction
 E - a potion of enlightenment


   Skills:
 + Level 8.8 Fighting
 + Level 15.3 Maces & Flails
 + Level 8.7 Armour
 - Level 3.2 Shields
 + Level 3.0 Invocations


You had 10 spell levels left.
You didn't know any spells.
Your spell library contained the following spells:

 Spells                   Type           Power      Damage    Failure   Level
 Apportation              Tloc           0%         N/A       98%         1
 Ensorcelled Hibernation  Hex/Ice        0%         N/A       99%         2
 Jinxbite                 Hex            0%         N/A       99%         2
 Lesser Beckoning         Tloc           0%         N/A       99%         2
 Dazzling Flash           Conj/Hex       0%         N/A       100%        3
 Frozen Ramparts          Ice            0%         1d1       100%        3
 Gell's Gravitas          Tloc           0%         N/A       100%        3
 Passwall                 Erth           0%         N/A       100%        3
 Swiftness                Air            0%         N/A       100%        3
 Teleport Other           Tloc           0%         N/A       100%        3
 Volatile Blastmotes      Fire/Tloc      0%         2d10      100%        3
 Ignite Poison            Fire/Alch      0%         N/A       100%        4
 Leda's Liquefaction      Alch/Erth      0%         N/A       100%        4
 Petrify                  Alch/Erth      0%         N/A       100%        4
 Alistair's Intoxication  Alch           0%         N/A       100%        5
 Freezing Cloud           Conj/Ice/Air   0%         6-21      100%        5
 Metabolic Englaciation   Hex/Ice        0%         N/A       100%        5
 Starburst                Conj/Fire      0%         6d3       100%        6
 Maxwell's Capacitive Co  Air            0%         ∞         100%        8
 Cigotuvi's Dreadful Rot  Necr/Alch/Air  Unusable   N/A       N/A         2

Dungeon Overview and Level Annotations

Branches:
Dungeon (12/15)            Temple (1/1) D:5            Lair (0/5) D:8
    Orc (0/2) D:10

Altars:
Ashenzari
Cheibriados
Dithmenos
Elyvilon
Fedhas
Gozag
Hepliaklqana
Kikubaaqudgha
Makhleb
Nemelex Xobeh
Okawaru
Qazlal
Ru
Sif Muna
Trog
Uskayaw
Vehumet
Wu Jian
Xom
Yredelemnul
Zin
The Shining One

Shops:
D:2 (

Annotations:
D:11 1 runed translucent door, Lemonizer's ghost, journeyman HuNe


Innate Abilities, Weirdness & Mutations

You are immune to sickness and miasma.
Your stone body is resilient. (AC +8)
You are immune to poison.
You resist negative energy. (rN+)
You are resistant to electric shocks. (rElec)
You are resistant to unholy torment.
You are immune to petrification.


Message History

The centaur warrior kicks you but does no damage.
You puncture the centaur warrior!
The centaur warrior is lightly wounded.
The liquid fire burns you! The centaur warrior closely misses you.
The centaur warrior barely misses you.
You hit the centaur warrior but do no damage.
The centaur warrior is poisoned.
The centaur warrior is lightly wounded.
The liquid fire burns you!
The centaur warrior hits you but does no damage.
The centaur warrior barely misses you.
You closely miss the centaur warrior.
The centaur warrior is lightly wounded.
The liquid fire burns you!
The centaur warrior hits you but does no damage.
The centaur warrior kicks you but does no damage.
You barely miss the centaur warrior.
The centaur warrior is moderately wounded.
The liquid fire burns you!
* * * LOW HITPOINT WARNING * * *
The centaur warrior hits you but does no damage.
The centaur warrior kicks you but does no damage.
You hit the centaur warrior.
The centaur warrior looks as sick as possible!
The centaur warrior is moderately wounded.
The liquid fire burns you!
* * * LOW HITPOINT WARNING * * *
The centaur warrior hits you but does no damage.
The centaur warrior kicks you but does no damage.
The centaur warrior hits you but does no damage.
The centaur warrior kicks you but does no damage.
You feel better. The liquid fire burns you!
* * * LOW HITPOINT WARNING * * *
The centaur warrior hits you but does no damage.
The centaur warrior kicks you but does no damage.
You barely miss the centaur warrior.
The centaur warrior is moderately wounded.
The liquid fire burns you!
You die...

.#.....................##........
.#.....................##........
##.....................##........
#............###########........
############## c##. ######### ./#
# #... #.#.# #... ####ec# #...
#@#.##.# #... #!#c## # #...
###.#### #... #.....# # #... ####
####..####.#####'#
......#......##.........##..... #
......#......##.........##.....
........#......##.........##.....
..###...#......##.........##.....


You could see a centaur warrior (extremely poisoned).

Vanquished Creatures
  A centaur warrior (D:11)
  A two-headed ogre (D:8)
  A cyclops (D:10)
  Pikel (D:9)
  2 ugly things
  A deep elf pyromancer (D:10)
  4 kobold demonologists (D:9)
  A komodo dragon (D:8)
  A troll (D:11)
  4 hornets
  A shadow (D:11)
  2 wyverns
  A human (D:10)
  5 yaks (D:10)
  A steam dragon (D:7)
  A vampire mosquito (D:10)
  An acid dragon (D:9)
  4 water moccasins (D:7)
  2 black bears (D:4)
  7 orc warriors
  3 ogres
  A centaur (D:10)
  A phantom (D:5)
  3 bullfrogs
  3 gnoll sergeants
  A scorpion (D:6)
  13 wights
  16 killer bees
  7 howler monkeys
  A bombardier beetle (D:3)
  4 hounds
  A jelly (D:8)
  15 orc priests
  A gnoll bouda (D:7)
  3 iguanas
  2 sleepcaps (D:6)
  13 orc wizards
  11 adders
  24 gnolls
  A shadow imp (D:5)
  4 white imps
  2 dart slugs
  A ribbon worm (D:5)
  41 orcs
  7 ball pythons
  5 bats
  4 endoplasms
  4 giant cockroaches
  15 goblins
  9 hobgoblins
  12 kobolds
  2 quokkas
  3 frilled lizards
  10 rats
  A spectral goblin (D:7)
286 creatures vanquished.

Vanquished Creatures (collateral kills)
  2 vampire mosquitoes (D:10)
  An orc priest (D:6)
  An orc (D:6)
4 creatures vanquished.

Vanquished Creatures (others)
  An orc warrior (D:6)
1 creature vanquished.

Grand Total: 291 creatures vanquished

Notes
Turn   | Place    | Note
-------+----------+-------------------------------------------
     0 | D:1      | Tovical the Gargoyle Fighter began the quest for the Orb.
     0 | D:1      | Reached XP level 1. HP: 14/14 MP: 1/1
   148 | D:1      | Reached XP level 2. HP: 15/19 MP: 2/2
   236 | D:1      | Reached skill level 3 in Maces & Flails
   483 | D:1      | Reached XP level 3. HP: 22/23 MP: 3/3
   792 | D:2      | Reached skill level 4 in Maces & Flails
   821 | D:2      | Reached XP level 4. HP: 23/28 MP: 4/4
  1352 | D:2      | Reached skill level 5 in Maces & Flails
  1485 | D:2      | Reached XP level 5. HP: 32/32 MP: 5/5
  1530 | D:2      | Found Xerchufaq's Weapon Boutique.
  1842 | D:3      | Found an iron altar of Okawaru.
  1879 | D:3      | Found a basalt altar of Yredelemnul.
  2220 | D:3      | Found a bloodstained altar of Trog.
  2503 | D:3      | Reached skill level 6 in Maces & Flails
  2503 | D:3      | Reached XP level 6. HP: 29/37 MP: 6/6
  2843 | D:5      | Entered Level 5 of the Dungeon
  2843 | D:5      | Noticed a black bear
  3452 | D:4      | Reached skill level 7 in Maces & Flails
  3525 | D:4      | Noticed a black bear
  3609 | D:4      | Reached XP level 7. HP: 35/41 MP: 7/7
  3836 | D:3      | Identified the staff "Concordance" {Will+ Earth}
  4248 | D:5      | Reached skill level 8 in Maces & Flails
  4464 | D:5      | Found a staircase to the Ecumenical Temple.
  4471 | Temple   | Entered the Ecumenical Temple
  5086 | D:7      | Found an ornate altar of the Wu Jian Council.
  5088 | D:7      | Noticed a steam dragon
  5097 | D:7      | Killed a steam dragon
  5098 | D:7      | Reached skill level 9 in Maces & Flails
  5098 | D:7      | Reached XP level 8. HP: 8/46 MP: 8/8
  5495 | D:7      | Reached skill level 10 in Maces & Flails
  5799 | D:7      | Reached skill level 11 in Maces & Flails
  5909 | D:7      | Reached XP level 9. HP: 13/51 MP: 9/9
  6712 | D:2      | Bought a +4 morningstar of venom for 294 gold pieces
  6734 | D:4      | Reached skill level 12 in Maces & Flails
  6936 | D:6      | Found a stormy altar of Qazlal.
  7446 | D:7      | Found a hazy altar of Hepliaklqana.
  7625 | D:8      | Noticed a two-headed ogre
  7629 | D:8      | Noticed a hornet
  7632 | D:8      | Killed a two-headed ogre
  7633 | D:8      | Reached skill level 13 in Maces & Flails
  7886 | D:8      | Reached XP level 10. HP: 53/56 MP: 10/10
  7957 | D:8      | Found an ancient bone altar of Kikubaaqudgha.
  7972 | D:8      | Found a sacrificial altar of Ru.
  8166 | D:8      | Reached skill level 14 in Maces & Flails
  8566 | D:8      | Found a shimmering altar of Xom.
  8612 | D:8      | Reached skill level 5 in Fighting
  8637 | D:8      | Reached skill level 5 in Armour
  8681 | D:8      | Found a staircase to the Lair.
  9295 | D:9      | Found a sparkling altar of Nemelex Xobeh.
  9303 | D:10     | Entered Level 10 of the Dungeon
  9312 | D:9      | Noticed a kobold demonologist
  9312 | D:9      | Noticed a kobold demonologist
  9312 | D:9      | Noticed a kobold demonologist
  9313 | D:9      | Noticed a rust devil
  9313 | D:9      | Noticed a kobold demonologist
  9550 | D:10     | Reached XP level 11. HP: 40/66 MP: 11/11
  9805 | D:10     | Noticed a two-headed ogre
  9976 | D:10     | Noticed a cyclops
 10138 | D:11     | Found a sacrificial altar of Ru.
 10283 | D:12     | Noticed a rakshasa
 10283 | D:12     | Noticed a centaur warrior
 10288 | D:11     | Killed a centaur warrior
 10320 | D:11     | Found a runed translucent door.
 10322 | D:11     | Noticed a purple ugly thing
 10503 | D:9      | Found a shimmering blue altar of Sif Muna.
 10510 | D:9      | Noticed Pikel
 10525 | D:9      | Killed Pikel
 10526 | D:9      | Reached skill level 15 in Maces & Flails
 10593 | D:9      | Found a glowing silver altar of Zin.
 10594 | D:9      | Found a glowing golden altar of the Shining One.
 11067 | D:9      | Became a worshipper of Zin the Law-Giver
 11067 | D:9      | Reached * piety under Zin
 11068 | D:9      | Donated 163 gold pieces to Zin
 11070 | D:9      | Reached ** piety under Zin
 11111 | D:10     | Killed a cyclops
 11112 | D:10     | Reached skill level 1 in Invocations
 11274 | D:11     | Killed a purple ugly thing
 11427 | D:11     | Noticed Lemonizer's ghost (journeyman HuNe)
 11427 | D:11     | Noticed a spriggan rider
 11428 | D:11     | Identified the +9 trident of Generosity {speed, +Blink
                  | Will- Str+4 Dex+3}
 11720 | D:10     | Found a staircase to the Orcish Mines.
 11834 | D:10     | Noticed a brown ugly thing
 11846 | D:10     | Killed a brown ugly thing
 11921 | D:10     | Noticed a deep elf pyromancer
 11921 | D:10     | Noticed a centaur warrior
 11928 | D:10     | Killed a deep elf pyromancer
 11936 | D:10     | Incinerated by a deep elf pyromancer

Illustrated notes

Levels and vault maps discovered:
D:1:      onia_arrival_mini_spirals, layout_basic
D:2:      minmay_inner_zag, layout_loops_ring, serial_shops,
          nicolae_shop_hallway_stairs, hangedman_decor_growths
D:3:      layout_loops_corners, mainiacjoe_overflow_cross_hatched,
          nicolae_overflow_hidden_temple, okawaru_gym_becter,
          small_statue_alley_b
D:4:      layout_basic, minmay_misc_feat_nine_boxes
D:5:      layout_rooms, minmay_temple_entry_wispy
D:6:      layout_cave_pools, amcnicky_altar_gilded, amcnicky_mini_pool_small
D:7:      layout_basic, nicolae_hepliaklqana_monster_ancestors,
          mainiacjoe_overflow_concentric_impassable, enter_bailey_5
D:8:      layout_rooms, mainiacjoe_overflow_brackets,
          mainiacjoe_overflow_catwalk_spiral, david_lair_shrubbed,
          grunt_ministairs_4
D:9:      layout_irregular_city, mainiacjoe_overflow_surrounded_room,
          nemelex_spade_bored_becter, jmf_multi_god_temple,
          hangedman_abyss_or_decor_lesser_grid, uniq_pikel
D:10:     minmay_cornered_nines, layout_stronghold, erik_orc_4,
          minmay_three_doors
D:11:     layout_rooms, ebering_ghost_funeral_grove, nicolae_ru_awakened_eye
D:12:     layout_loops_cross
Temple:   compressed_dpeg_triangle_lava_temple

Skill      XL: |  1  2  3  4  5  6  7  8  9 10 11 |
---------------+----------------------------------+-----
Maces & Flails | 3 4 5 6 7 9 11 13 14 15 | 15.3
Fighting       | 6 8 |  8.8
Armour         | 6 8 |  8.7
Invocations    | 3 |  3.0
Shields        | |  3.2

Action                     |  1- 3 |  4- 6 |  7- 9 | 10-12 || total
---------------------------+-------+-------+-------+-------++-------
  Melee: Flail             |    63 |       |       |       ||    63
         Whip              |    18 |    48 |       |       ||    66
         Mace              |       |   179 |   413 |       ||   592
         Morningstar       |       |       |    70 |   361 ||   431
   Fire: Sling             |       |     8 |       |       ||     8
  Throw: Dart              |       |       |     1 |       ||     1
 Invoke: Vitalisation      |       |       |       |     3 ||     3
         Recite            |       |       |       |     1 ||     1
         Donate Gold       |       |       |       |     1 ||     1
  Evoke: Wand              |       |       |    14 |    18 ||    32
    Use: Scroll            |       |    11 |     9 |     8 ||    28
         Potion            |       |     2 |     7 |     2 ||    11
   Stab: Invisible         |       |       |     2 |       ||     2
 Armour: Scale mail        |    65 |    56 |       |       ||   121
         Plate armour      |       |    99 |    63 |   219 ||   381
         Ring mail         |       |       |   290 |    63 ||   353
  Dodge: Dodged            |    36 |    72 |   216 |   115 ||   439
  Block: Buckler           |    20 |    39 |    85 |    52 ||   196
